 Dungeon Crawl Stone Soup version 0.28-a0-983-g1de4e0787c (webtiles) character file.

Game seed: 9773810918399529790

31 Decritt the Grave Robber (level 3, 0/20 HPs)
             Began as a Deep Elf Necromancer on Dec 3, 2021.
             Slain by an adder (3 damage)
             ... on level 2 of the Dungeon.
             The game lasted 00:02:40 (1876 turns).

Decritt the Grave Robber (Deep Elf Necromancer)     Turns: 1876, Time: 00:02:40

Health: 0/20       AC:  2    Str:  5    XL:     3   Next: 7%
Magic:  10/10      EV: 13    Int: 21    God:
Gold:   77         SH:  0    Dex: 15    Spells: 8/9 levels left

rFire   . . .      SeeInvis .   c - +0 dagger
rCold   . . .      Faith    .   (no shield)
rNeg    . . .      Spirit   .   a - +0 robe
rPois   .          Reflect  .   (no helmet)
rElec   .          Harm     .   (no cloak)
rCorr   .          Rampage  .   (no gloves)
Will    .....                   (no boots)
Stlth   ++........              (no amulet)
HPRegen 0.06/turn               (no ring)
MPRegen 0.12/turn               (no ring)

@: lethally poisoned (0 -> -6)
A: no striking features
a: no special abilities


You were on level 2 of the Dungeon.
You visited 1 branch of the dungeon, and saw 2 of its levels.

You collected 77 gold pieces.

Inventory:

Hand Weapons
 c - a +0 dagger (weapon)
Armour
 a - a +0 robe (worn)
Scrolls
 d - a scroll of magic mapping {unknown}
 f - a scroll of silence {unknown}
 g - a scroll of fear {unknown}
Potions
 b - a potion of brilliance {unknown}
 e - a potion of haste {unknown}


   Skills:
 + Level 0.9 Fighting
 + Level 3.0 Dodging
 - Level 2.4 Stealth
 + Level 3.6 Spellcasting
 + Level 5.1 Necromancy


You had 8 spell levels left.
You knew the following spells:

 Your Spells              Type           Power      Damage    Failure   Level
a - Pain                  Necr           100%       1d9       1%          1

Your spell library contained the following spells:

 Spells                   Type           Power      Damage    Failure   Level
 Animate Skeleton         Necr           50%        N/A       1%          1
 Vampiric Draining        Necr           25%        2d7       4%          3
 Animate Dead             Necr           12%        N/A       16%         4
 Agony                    Necr           25%        N/A       38%         5


Dungeon Overview and Level Annotations

Branches:
Dungeon (2/15)

Altars:


Message History

The adder barely misses you. The quokka bites you.
* * * LOW HITPOINT WARNING * * *
The quokka barely misses you.
There is a stone staircase leading up here.
The quokka closely misses you.
You climb upwards.
There is a stone staircase leading down here.
Casting: Pain (safe; 1% risk of failure)
Confirm with . or Enter, or press ? or * to list all spells.
Aiming: Pain (safe; 1% risk of failure)
Press: ? - help, Shift-Dir - straight line, f - quokka
Aim: a quokka (chance to affect: 93%)
The quokka writhes in agony.
The quokka bites you but does no damage.
Casting: Pain (safe; 1% risk of failure)
Confirm with . or Enter, or press ? or * to list all spells.
Aiming: Pain (safe; 1% risk of failure)
Press: ? - help, Shift-Dir - straight line, f/p - quokka
Aim: a quokka (severely wounded, chance to affect: 93%)
The quokka writhes in agony!
You kill the quokka!
You start resting.
Magic restored.
You start resting.
HP restored.
You start waiting.
Done waiting.
You climb downwards.
The adder closely misses you. The adder bites you. x2
* * * LOW HITPOINT WARNING * * *
The adder bites you.
* * * LOW HITPOINT WARNING * * *
You are lethally poisoned!
The adder poisons you!
There is a stone staircase leading up here.
* * * LOW HITPOINT WARNING * * *
You feel sick. The adder bites you.
* * * LOW HITPOINT WARNING * * *
The adder bites you.
You die...

#####.##### ###.#.#.....#...###
..........#####.....##....#...# #
..........S..(#.#.##......#...# #
..........###S#.#.........#.#....
....).....# #.#...........#.#....
..........# #.#...........#.#....
..........# #.##.....#....#.#....
..........# #....#†###....# ....#
.########## ####@#...####.# .#
#SS.#.# .# .# #.###.# # †. #.. #
..# #### ... .... .... .....


You could see 2 adders.

Vanquished Creatures
  A dart slug (D:2)
  A ball python (D:2)
  2 bats (D:1)
  3 endoplasms
  2 goblins
  3 hobgoblins
  4 jackals (D:2)
  3 kobolds
  2 quokkas (D:1)
  2 frilled lizards
23 creatures vanquished.

Notes
Turn   | Place    | Note
-------+----------+-------------------------------------------
     0 | D:1      | Decritt the Deep Elf Necromancer began the quest for the
                  | Orb.
     0 | D:1      | Reached XP level 1. HP: 10/10 MP: 6/6
   409 | D:1      | Reached skill level 5 in Necromancy
   409 | D:1      | Reached XP level 2. HP: 11/16 MP: 4/8
  1589 | D:2      | Reached XP level 3. HP: 15/20 MP: 5/10
  1876 | D:2      | Slain by an adder

Illustrated notes

Levels and vault maps discovered:
D:1:      dpeg_arrival_water_temple_mockup, layout_loops_corners,
          serial_bayou_pond_d
D:2:      layout_basic, basic_altar, minmay_surrounded, uniq_terence

Skill      XL: |  1  2 |
---------------+-------+-----
Necromancy     | 5 |  5.1
Dodging        | 3 |  3.0
Fighting       | |  0.9
Stealth        | |  2.4
Spellcasting   | |  3.6

Action                   || total
-------------------------++-------
Melee: Dagger            ||     4
 Cast: Pain              ||    34
Armor: Robe              ||     1
Dodge: Dodged            ||    13

Table legend: (Time is in decaauts)
 A = Elapsed time spent in this place.
 B = Non-inter-level travel time spent in this place.
 C = Inter-level travel time spent in this place.
 D = Time resting spent in this place.
 E = Time spent auto-exploring this place.
 F = Levels seen in this place.
 G = Mean time per level.
                   A        B        C        D        E       F      G
               +--------+--------+--------+--------+--------+-----+--------+
         Total |   1876 |   1852 |     24 |    257 |   1464 |   2 |  938.0 |
       Dungeon |   1876 |   1852 |     24 |    257 |   1464 |   2 |  938.0 |
               +--------+--------+--------+--------+--------+-----+--------+

Top non-repeatable levels by time:
     D:1: 1500 daAuts
     D:2: 376 daAuts
